 Dungeon Crawl Stone Soup version 0.29.1-12-g30fa7ad0bf (webtiles) character file.

Game seed: 3582113277421321297

26 javelincjr the Chopper (level 2, -2/23 HPs)
             Began as a Demonspawn Gladiator on Jan 9, 2023.
             Slain by an adder (3 damage)
             ... on level 2 of the Dungeon.
             The game lasted 00:02:20 (1009 turns).

javelincjr the Chopper (Demonspawn Gladiator)       Turns: 1009, Time: 00:02:20

Health: -2/23      AC:  4    Str: 14    XL:     2   Next: 89%
Magic:  2/2        EV: 12    Int:  9    God:
Gold:   50         SH:  0    Dex: 14    Spells: 1/1 levels left

rFire   . . .      SeeInvis .   a - +0 war axe
rCold   . . .      Faith    .   (no shield)
rNeg    . . .      Spirit   .   b - +0 leather armour
rPois   .          Reflect  .   c - +0 helmet
rElec   .          Harm     .   (no cloak)
rCorr   .          Rampage  .   (no gloves)
Will    .....                   (no boots)
Stlth   +.........              (no amulet)
HPRegen 0.07/turn               (no ring)
MPRegen 0.08/turn               (no ring)

@: hasted, very quick
A: demonic guardian 1
a: no special abilities


You were on level 2 of the Dungeon.
You visited 1 branch of the dungeon, and saw 2 of its levels.

You collected 50 gold pieces.

Inventory:

Hand Weapons
 a - a +0 war axe (weapon)
Missiles
 d - 3 throwing nets (quivered)
 e - a javelin
 h - 5 boomerangs
Armour
 b - a +0 leather armour (worn)
 c - a +0 helmet (worn)
Scrolls
 g - a scroll of magic mapping {unknown}
 i - 3 scrolls of identify {unknown}
 j - a scroll of teleportation {unknown}
 k - a scroll of silence {unknown}


   Skills:
 + Level 2.3 Fighting
 + Level 3.1 Axes
 + Level 2.1 Throwing
 + Level 0.1 Armour
 + Level 2.9 Dodging


You had one spell level left.
You didn't know any spells.
Your spell library contained the following spells:

 Spells                   Type           Power      Damage    Failure   Level
 Foxfire                  Conj/Fire      0%         2x1d4     45%         1
 Conjure Flame            Conj/Fire      0%         6-21      83%         3
 Inner Flame              Hex/Fire       0%         N/A       83%         3
 Flame Wave               Conj/Fire      0%         2d4       99%         4


Dungeon Overview and Level Annotations

Branches:
Dungeon (2/15)

Altars:


Innate Abilities, Weirdness & Mutations

A weak demonic guardian rushes to your aid.


Message History

An adder comes into view.
A worm comes into view.
The adder hisses angrily.
Found 4 stones.
The adder bites you.
You are poisoned.
The adder poisons you!
You barely miss the adder.
You feel sick. The adder bites you. x2
You are more poisoned.
The adder poisons you!
You slash the adder!
The adder is almost dead.
You feel very sick. The adder bites you.
You feel sick. The adder barely misses you.
You closely miss the adder.
The adder is almost dead.
You feel sick. The adder bites you but does no damage.
You hit the adder but do no damage.
The adder is almost dead.
You hit the worm.
You feel sick. The adder closely misses you. The adder barely misses you.
You hit the adder but do no damage.
The adder is almost dead.
You completely miss the worm.
You feel sick. The adder bites you.
* * * LOW HITPOINT WARNING * * *
A demonic guardian appears!
The worm closely misses you. The adder closely misses you.
The adder attacks as you move away! The adder closely misses you.
* * * LOW HITPOINT WARNING * * *
You feel sick.
It was a potion of cancellation.
You feel magically purged.
* * * LOW HITPOINT WARNING * * *
You feel sick.
You are no longer poisoned.
The adder misses you.
It was a potion of haste.
You feel yourself speed up. The adder closely misses you.
Your iron imp completely misses the adder.
The adder bites you.
You die...

###### #....# #....#
#....# #....# #....#
#############....######.
......>wS@..'...........
.......5##..#....######.
........##..####........
#........#..# ##.#######
#........#..# #......# #
#........#..#
#......#####
#.......(##.#
#..^..).†...
#........##.#
#........... #..
#...........


You could see a worm, an adder (ally target) and a friendly iron imp (summoned).

Vanquished Creatures
  A dart slug (D:2)
  2 ball pythons (D:1)
  2 endoplasms (D:2)
  4 goblins (D:1)
  4 hobgoblins
  2 kobolds
  A quokka (D:1)
  2 frilled lizards (D:1)
  3 rats
21 creatures vanquished.

Notes
Turn   | Place    | Note
-------+----------+-------------------------------------------
     0 | D:1      | javelincjr the Demonspawn Gladiator began the quest for the
                  | Orb.
     0 | D:1      | Reached XP level 1. HP: 16/16 MP: 1/1
   207 | D:1      | You fall into a shaft and drop 1 floor!
   223 | D:1      | Gained mutation: A weak demonic guardian rushes to your
                  | aid. [demonic ancestry]
   223 | D:1      | Reached XP level 2. HP: 19/22 MP: 2/2
   509 | D:1      | Found a faded altar of an unknown god.
   745 | D:1      | Reached skill level 3 in Axes
  1008 | D:2      | HP: 1/23 [poisoned by an adder]
  1009 | D:2      | Slain by an adder

Illustrated notes

Levels and vault maps discovered:
D:1:      wander_arrival_peaceful_grave, layout_basic,
          dreamdust_ecumenical_altar_statues
D:2:      layout_basic, interstate_on_off, grunt_decor_junction, uniq_robin

Skill      XL: |  1  2 |
---------------+-------+-----
Throwing       | 2 |  2.1
Axes           | 3 |  3.1
Fighting       | |  2.3
Armour         | |  0.1
Dodging        | |  2.9

Action                   || total
-------------------------++-------
Melee: War axe           ||    58
  Use: Potion            ||     2
 Stab: Sleeping          ||     1
Armor: Leather armour    ||    11
Dodge: Dodged            ||    42
